[ AOE2 MATCH · #465714140 ]
Team RMCelts vs Cumans
[ REPLAY ANALYSIS · EXTRACTED FROM THE RECORDED GAME ]
Feudal
15:03
Castle
24:17
Imperial
—
| APM avg | 10.2 |
| APM peak | 49 |
| eAPM avg | 8.7 |
| Villagers / military | 83 / 74 |
Focus
⚔️ 11.8% · 🌾 88.2%
Spearman ×50 · Skirmisher ×24 · Trade Cart ×3
Feudal
—
Castle
—
Imperial
—
| APM avg | 13.8 |
| APM peak | 33 |
| eAPM avg | 6.4 |
| Villagers / military | 57 / 23 |
Focus
⚔️ 18.0% · 🌾 82.0%
Militia ×17 · Chu Ko Nu ×6
Feudal
14:09
Castle
27:28
Imperial
—
| APM avg | 23.9 |
| APM peak | 63 |
| eAPM avg | 15.7 |
| Villagers / military | 58 / 43 |
Focus
⚔️ 34.1% · 🌾 65.9%
Spearman ×29 · Battering Ram ×14
Feudal
11:48
Castle
18:13
Imperial
31:50
| APM avg | 14.7 |
| APM peak | 50 |
| eAPM avg | 12.1 |
| Villagers / military | 178 / 103 |
Focus
⚔️ 19.0% · 🌾 81.0%
Longbowman ×100 · Trade Cart ×5 · Trebuchet (Packed) ×2 · Monk ×1
Feudal
13:35
Castle
—
Imperial
—
| APM avg | 6.5 |
| APM peak | 28 |
| eAPM avg | 4.5 |
| Villagers / military | 68 / 4 |
Focus
⚔️ 13.2% · 🌾 86.8%
Spearman ×4
Feudal
12:59
Castle
28:02
Imperial
—
| APM avg | 14.4 |
| APM peak | 27 |
| eAPM avg | 12.0 |
| Villagers / military | 84 / 55 |
Focus
⚔️ 32.7% · 🌾 67.3%
Spearman ×27 · Militia ×23 · Skirmisher ×3 · Trade Cart ×2 · Monk ×2
Feudal
11:02
Castle
15:34
Imperial
33:43
| APM avg | 16.4 |
| APM peak | 38 |
| eAPM avg | 11.6 |
| Villagers / military | 136 / 33 |
Focus
⚔️ 14.1% · 🌾 85.9%
Knight ×33
Feudal
11:13
Castle
20:46
Imperial
—
| APM avg | 16.5 |
| APM peak | 40 |
| eAPM avg | 12.6 |
| Villagers / military | 85 / 36 |
Focus
⚔️ 12.9% · 🌾 87.1%
Battle Elephant ×36
Match map
Initial resources + every placement click. Lines = walls · curves = elevation contours. ◆ gold · ⬟ stone · ● berries · ✦ relic · ◌ wall gap
Your base· ✓ Closed at 24:17 · 16t walls · no gate
GERALD3748's base· ✓ Closed at 14:44 · 0t walls · no gate
Wardaddy's base· ✓ Closed at 27:28 · 8t walls · 1 gate(s)
noob_hn's base· ✓ Closed at 18:13 · 0t walls · no gate
AnonymouS's base· ✓ Closed at 17:20 · 31t walls · no gate
Sillygirl's base· ✓ Closed at 28:02 · 29t walls · no gate
Deadshot's base· ✓ Closed at 15:34 · 0t walls · no gate
John Srnec's base· ✓ Closed at 20:46 · 17t walls · no gate
Smoothed initial terrain · ◌ = detected wall gap · hover for details
Inputs per minute
— A P - - GERALD3748
Build order — A P
First 150 of 185 actions detected
| 0:03 | Build | House |
| 0:06 | Build | House |
| 0:07 | Create | Villager (Male) |
| 0:07 | Create | Villager (Male) |
| 0:08 | Create | Villager (Male) |
| 0:08 | Create | Villager (Male) |
| 0:08 | Create | Villager (Male) |
| 0:09 | Create | Villager (Male) |
| 1:05 | Research | Loom |
| 1:27 | Create | Villager (Male) |
| 2:32 | Create | Villager (Male) |
| 2:33 | Create | Villager (Male) |
| 3:01 | Build | Palisade Wall |
| 3:59 | Build | House |
| 4:02 | Create | Villager (Male) |
| 4:02 | Create | Villager (Male) |
| 4:02 | Create | Villager (Male) |
| 4:03 | Create | Villager (Male) |
| 4:03 | Create | Villager (Male) |
| 4:25 | Build | House |
| 4:29 | Create | Villager (Male) |
| 4:30 | Create | Villager (Male) |
| 5:04 | Create | Villager (Male) |
| 5:04 | Create | Villager (Male) |
| 5:13 | Build | House |
| 5:45 | Create | Villager (Male) |
| 5:46 | Create | Villager (Male) |
| 6:04 | Build | House |
| 6:16 | Build | Outpost |
| 6:19 | Create | Villager (Male) |
| 7:50 | Create | Villager (Male) |
| 7:51 | Create | Villager (Male) |
| 7:51 | Create | Villager (Male) |
| 8:03 | Build | Outpost |
| 8:39 | Build | Mill |
| 9:09 | Create | Villager (Male) |
| 9:39 | Build | Lumber Camp |
| 9:56 | Build | Outpost |
| 10:05 | Create | Villager (Male) |
| 10:53 | Create | Villager (Male) |
| 11:29 | Create | Villager (Male) |
| 11:58 | Create | Villager (Male) |
| 12:05 | Build | Mining Camp |
| 12:25 | Create | Villager (Male) |
| 12:35 | Build | Mining Camp |
| 12:53 | Research | Feudal Age |
| 15:03 | Age | Feudal Age |
| 15:18 | Build | Stone Wall |
| 15:23 | Research | Wheelbarrow |
| 15:24 | Create | Villager (Male) |
| 15:32 | Research | Double-Bit Axe |
| 15:35 | Research | Stone Mining |
| 15:39 | Research | Gold Mining |
| 15:42 | Create | Villager (Male) |
| 15:50 | Build | Farm |
| 15:51 | Build | Farm |
| 15:53 | Build | Farm |
| 15:54 | Build | Farm |
| 15:56 | Build | Farm |
| 15:57 | Build | Farm |
| 15:59 | Build | Farm |
| 16:02 | Build | Farm |
| 17:05 | Build | Barracks |
| 17:09 | Build | Farm |
| 17:14 | Build | Farm |
| 17:17 | Build | Farm |
| 17:22 | Build | Farm |
| 17:26 | Create | Villager (Male) |
| 17:29 | Create | Villager (Male) |
| 17:40 | Research | Horse Collar |
| 17:56 | Build | Market |
| 18:06 | Create | Villager (Male) |
| 18:06 | Create | Villager (Male) |
| 18:24 | Build | Blacksmith |
| 18:53 | Build | Archery Range |
| 19:07 | Create | Villager (Male) |
| 19:07 | Create | Villager (Male) |
| 19:19 | Research | Town Watch |
| 19:41 | Build | Farm |
| 19:56 | Build | Mining Camp |
| 20:14 | Build | Mining Camp |
| 20:23 | Create | Villager (Male) |
| 20:29 | Build | House |
| 20:35 | Build | House |
| 20:38 | Build | House |
| 20:40 | Build | House |
| 21:12 | Create | Villager (Male) |
| 21:15 | Build | Farm |
| 21:36 | Research | Castle Age |
| 23:40 | Create | Spearman ×5 |
| 23:46 | Create | Skirmisher ×5 |
| 24:17 | Age | Castle Age |
| 24:19 | Create | Trade Cart |
| 24:24 | Create | Villager (Male) |
| 24:47 | Build | Town Center |
| 25:01 | Create | Villager (Male) |
| 25:01 | Create | Villager (Male) |
| 25:14 | Build | Town Center |
| 25:28 | Create | Villager (Male) |
| 25:29 | Create | Villager (Male) |
| 25:57 | Create | Villager (Male) |
| 26:09 | Create | Villager (Male) |
| 26:09 | Create | Villager (Male) |
| 26:10 | Create | Villager (Male) |
| 26:10 | Create | Villager (Male) |
| 26:31 | Build | Castle |
| 26:37 | Create | Villager (Male) |
| 26:38 | Create | Villager (Male) |
| 26:38 | Create | Villager (Male) |
| 26:38 | Create | Villager (Male) |
| 26:48 | Build | Farm |
| 26:49 | Build | Farm |
| 26:51 | Build | Farm |
| 26:54 | Build | Farm |
| 27:09 | Create | Villager (Male) |
| 27:09 | Create | Villager (Male) |
| 27:17 | Create | Villager (Male) |
| 27:19 | Create | Villager (Male) |
| 27:26 | Create | Villager (Male) |
| 27:26 | Create | Villager (Male) |
| 27:29 | Create | Villager (Male) |
| 27:30 | Create | Villager (Male) |
| 28:07 | Build | House |
| 28:09 | Build | House |
| 28:11 | Build | House |
| 28:13 | Build | House |
| 28:22 | Build | Farm |
| 28:39 | Build | Farm |
| 28:57 | Research | Bow Saw |
| 29:03 | Research | Heavy Plow |
| 29:12 | Research | Stone Shaft Mining |
| 29:15 | Research | Gold Shaft Mining |
| 29:21 | Create | Villager (Male) |
| 29:21 | Create | Villager (Male) |
| 29:41 | Build | University |
| 29:51 | Create | Villager (Male) |
| 29:51 | Create | Villager (Male) |
| 30:13 | Build | Town Center |
| 30:19 | Create | Villager (Male) |
| 30:19 | Create | Villager (Male) |
| 30:24 | Research | Hand Cart |
| 30:37 | Build | Farm |
| 30:41 | Build | Farm |
| 30:53 | Research | Town Patrol |
| 30:53 | Create | Villager (Male) |
| 30:54 | Create | Villager (Male) |
| 30:59 | Create | Villager (Male) |
| 30:59 | Create | Villager (Male) |
| 31:27 | Create | Villager (Male) |
| 31:28 | Create | Villager (Male) |
Build order — GERALD3748
148 actions detected in the replay
| 0:58 | Create | Villager (Male) |
| 1:47 | Create | Villager (Male) |
| 2:15 | Create | Villager (Male) |
| 2:25 | Create | Villager (Male) |
| 2:59 | Create | Villager (Male) |
| 3:39 | Create | Villager (Male) |
| 4:07 | Build | Lumber Camp |
| 4:12 | Create | Villager (Male) |
| 4:38 | Build | House |
| 4:43 | Build | Mill |
| 4:50 | Create | Villager (Male) |
| 4:51 | Create | Villager (Male) |
| 5:58 | Create | Villager (Male) |
| 5:59 | Create | Villager (Male) |
| 6:02 | Create | Villager (Male) |
| 7:51 | Create | Villager (Male) |
| 8:24 | Create | Villager (Male) |
| 9:13 | Build | Barracks |
| 9:22 | Research | Feudal Age |
| 10:09 | Build | House |
| 11:01 | Build | Mining Camp |
| 12:14 | Build | Archery Range |
| 12:30 | Create | Villager (Male) |
| 13:28 | Create | Villager (Male) |
| 13:36 | Create | Villager (Male) |
| 14:10 | Build | Blacksmith |
| 14:44 | Research | Castle Age |
| 15:12 | Build | Farm |
| 15:20 | Build | Farm |
| 15:24 | Build | Farm |
| 15:36 | Build | Farm |
| 15:44 | Build | Farm |
| 15:52 | Build | Farm |
| 16:01 | Build | House |
| 17:30 | Build | Town Center |
| 17:42 | Research | Wheelbarrow |
| 17:46 | Research | Double-Bit Axe |
| 18:13 | Build | Farm |
| 18:46 | Build | Farm |
| 19:03 | Create | Villager (Male) |
| 19:03 | Create | Villager (Male) |
| 19:03 | Create | Villager (Male) |
| 19:47 | Build | Mining Camp |
| 19:58 | Create | Villager (Male) |
| 19:58 | Create | Villager (Male) |
| 19:59 | Create | Villager (Male) |
| 20:04 | Create | Villager (Male) |
| 20:04 | Create | Villager (Male) |
| 20:30 | Research | Man-at-Arms (upgrade) |
| 20:35 | Build | Farm |
| 20:45 | Build | Farm |
| 20:56 | Build | Farm |
| 21:12 | Research | Stone Mining |
| 21:17 | Research | Long Swordsman (upgrade) |
| 21:22 | Build | Farm |
| 22:03 | Create | Militia |
| 22:08 | Create | Militia |
| 22:19 | Research | Horse Collar |
| 22:23 | Create | Villager (Male) |
| 22:27 | Create | Villager (Male) |
| 22:27 | Create | Villager (Male) |
| 23:07 | Build | Stone Wall |
| 23:13 | Build | Gate |
| 23:20 | Build | Stone Wall |
| 23:28 | Build | Farm |
| 23:31 | Build | Farm |
| 23:36 | Research | Hand Cart |
| 23:40 | Create | Villager (Male) |
| 23:45 | Create | Militia |
| 24:14 | Build | Farm |
| 24:26 | Research | Loom |
| 24:31 | Create | Villager (Male) |
| 24:31 | Create | Villager (Male) |
| 24:39 | Create | Militia |
| 25:08 | Build | House |
| 25:10 | Build | House |
| 25:17 | Create | Villager (Male) |
| 25:17 | Create | Villager (Male) |
| 25:19 | Create | Villager (Male) |
| 25:32 | Research | Heavy Plow |
| 25:39 | Build | Farm |
| 25:45 | Create | Militia |
| 25:45 | Create | Militia |
| 25:52 | Build | Farm |
| 26:05 | Build | Farm |
| 26:20 | Research | Bow Saw |
| 26:53 | Create | Villager (Male) |
| 26:54 | Create | Villager (Male) |
| 26:54 | Create | Villager (Male) |
| 26:56 | Create | Villager (Male) |
| 27:04 | Create | Villager (Male) |
| 27:04 | Create | Villager (Male) |
| 27:04 | Create | Villager (Male) |
| 27:06 | Create | Villager (Male) |
| 27:08 | Create | Villager (Male) |
| 27:22 | Build | University |
| 27:31 | Create | Militia |
| 27:47 | Research | Gold Mining |
| 28:02 | Create | Militia |
| 28:04 | Create | Militia |
| 28:32 | Build | House |
| 28:36 | Build | House |
| 28:55 | Build | House |
| 28:57 | Build | House |
| 28:58 | Build | House |
| 29:13 | Research | Forging |
| 29:17 | Create | Militia |
| 29:19 | Create | Militia |
| 29:44 | Build | Castle |
| 29:56 | Research | Murder Holes |
| 30:05 | Create | Militia |
| 30:06 | Create | Militia |
| 30:15 | Research | Scale Mail Armor |
| 30:21 | Create | Villager (Male) |
| 30:22 | Create | Villager (Male) |
| 30:22 | Create | Villager (Male) |
| 30:23 | Create | Villager (Male) |
| 30:25 | Create | Villager (Male) |
| 30:34 | Build | Farm |
| 30:44 | Research | Town Watch |
| 30:53 | Research | Gold Shaft Mining |
| 30:56 | Research | Stone Shaft Mining |
| 31:02 | Create | Villager (Male) |
| 31:02 | Create | Villager (Male) |
| 31:58 | Create | Villager (Male) |
| 31:58 | Create | Villager (Male) |
| 32:07 | Build | Farm |
| 32:17 | Build | Farm |
| 32:24 | Build | Farm |
| 32:37 | Build | Farm |
| 32:56 | Create | Chu Ko Nu |
| 32:56 | Create | Chu Ko Nu |
| 33:07 | Build | Farm |
| 33:15 | Build | Stable |
| 33:24 | Create | Militia |
| 33:25 | Create | Militia |
| 33:48 | Build | Town Center |
| 34:35 | Create | Militia |
| 34:35 | Create | Militia |
| 35:09 | Create | Villager (Male) |
| 35:10 | Create | Villager (Male) |
| 35:10 | Create | Villager (Male) |
| 35:10 | Create | Villager (Male) |
| 35:12 | Create | Villager (Male) |
| 35:35 | Create | Chu Ko Nu |
| 35:35 | Create | Chu Ko Nu |
| 35:35 | Create | Chu Ko Nu |
| 35:36 | Create | Chu Ko Nu |
Build order — Wardaddy
First 150 of 175 actions detected
| 0:04 | Build | House |
| 0:05 | Build | House |
| 0:06 | Research | Loom |
| 0:07 | Create | Villager (Male) |
| 0:07 | Create | Villager (Male) |
| 0:08 | Create | Villager (Male) |
| 0:08 | Create | Villager (Male) |
| 0:21 | Build | Palisade Wall |
| 2:16 | Create | Villager (Male) |
| 2:50 | Create | Villager (Male) |
| 2:51 | Create | Villager (Male) |
| 3:28 | Create | Villager (Male) |
| 3:44 | Create | Villager (Male) |
| 3:56 | Build | House |
| 3:57 | Build | House |
| 4:04 | Build | Lumber Camp |
| 4:21 | Create | Villager (Male) |
| 4:52 | Create | Villager (Male) |
| 5:03 | Create | Villager (Male) |
| 5:35 | Create | Villager (Male) |
| 6:24 | Create | Villager (Male) |
| 6:53 | Create | Villager (Male) |
| 6:54 | Create | Villager (Male) |
| 6:54 | Create | Villager (Male) |
| 7:26 | Build | Mill |
| 7:50 | Build | Mining Camp |
| 7:58 | Build | House |
| 7:59 | Build | House |
| 8:23 | Create | Villager (Male) |
| 8:23 | Create | Villager (Male) |
| 9:29 | Create | Villager (Male) |
| 9:29 | Create | Villager (Male) |
| 9:51 | Create | Villager (Male) |
| 10:30 | Create | Villager (Male) |
| 10:30 | Create | Villager (Male) |
| 10:30 | Create | Villager (Male) |
| 10:39 | Build | Barracks |
| 11:03 | Create | Villager (Male) |
| 11:14 | Create | Villager (Male) |
| 11:46 | Research | Feudal Age |
| 12:40 | Build | Mill |
| 14:09 | Age | Feudal Age |
| 14:11 | Build | Blacksmith |
| 14:30 | Build | Siege Workshop |
| 14:35 | Build | Town Center |
| 14:37 | Create | Villager (Male) |
| 14:37 | Create | Villager (Male) |
| 14:39 | Research | Double-Bit Axe |
| 14:40 | Research | Gold Mining |
| 14:53 | Build | Stable |
| 14:58 | Build | Mill |
| 15:04 | Build | Archery Range |
| 15:11 | Create | Battering Ram |
| 15:17 | Create | Villager (Male) |
| 15:17 | Create | Villager (Male) |
| 15:39 | Create | Battering Ram |
| 15:47 | Build | House |
| 15:48 | Build | House |
| 16:17 | Create | Battering Ram |
| 16:36 | Create | Spearman |
| 16:37 | Create | Spearman |
| 16:40 | Create | Villager (Male) |
| 16:55 | Build | Lumber Camp |
| 17:26 | Create | Spearman |
| 17:55 | Create | Battering Ram |
| 17:57 | Create | Villager (Male) |
| 17:58 | Create | Villager (Male) |
| 18:00 | Create | Villager (Male) |
| 18:15 | Create | Spearman |
| 18:16 | Create | Spearman |
| 18:23 | Build | Palisade Gate |
| 18:40 | Create | Spearman |
| 18:40 | Create | Spearman |
| 18:44 | Create | Battering Ram |
| 18:59 | Create | Spearman |
| 19:38 | Build | Siege Workshop |
| 20:03 | Create | Villager (Male) |
| 20:04 | Create | Villager (Male) |
| 20:04 | Create | Villager (Male) |
| 20:04 | Create | Villager (Male) |
| 21:00 | Build | House |
| 21:01 | Build | House |
| 21:02 | Build | House |
| 21:09 | Build | Market |
| 22:25 | Build | Mining Camp |
| 24:03 | Build | Farm |
| 24:03 | Build | Farm |
| 24:04 | Build | Farm |
| 24:04 | Build | Farm |
| 24:04 | Build | Farm |
| 24:05 | Create | Villager (Male) |
| 24:05 | Create | Villager (Male) |
| 24:05 | Create | Villager (Male) |
| 24:06 | Create | Villager (Male) |
| 24:06 | Create | Villager (Male) |
| 24:06 | Create | Villager (Male) |
| 24:06 | Create | Villager (Male) |
| 24:10 | Build | Farm |
| 24:11 | Build | Farm |
| 24:11 | Build | Farm |
| 24:11 | Build | Farm |
| 24:11 | Build | Farm |
| 24:12 | Build | Farm |
| 24:12 | Build | Farm |
| 24:12 | Build | Farm |
| 24:12 | Build | Farm |
| 24:13 | Build | Farm |
| 24:27 | Create | Battering Ram |
| 24:48 | Research | Castle Age |
| 25:03 | Research | Horse Collar |
| 25:12 | Create | Battering Ram |
| 25:50 | Create | Battering Ram |
| 25:56 | Build | Siege Workshop |
| 25:57 | Build | Siege Workshop |
| 26:38 | Research | Wheelbarrow |
| 26:42 | Create | Villager (Male) |
| 26:42 | Create | Villager (Male) |
| 27:10 | Create | Battering Ram |
| 27:10 | Create | Battering Ram |
| 27:17 | Build | Barracks |
| 27:22 | Create | Villager (Male) |
| 27:22 | Create | Villager (Male) |
| 27:23 | Create | Villager (Male) |
| 27:28 | Age | Castle Age |
| 27:42 | Research | Capped Ram (upgrade) |
| 28:20 | Build | Barracks |
| 28:21 | Build | Barracks |
| 28:23 | Research | Pikeman (upgrade) |
| 28:23 | Research | Squires |
| 28:27 | Create | Villager (Male) |
| 28:27 | Create | Villager (Male) |
| 28:28 | Create | Villager (Male) |
| 28:34 | Build | House |
| 28:35 | Build | House |
| 28:36 | Build | House |
| 28:36 | Build | House |
| 28:36 | Build | House |
| 28:37 | Build | House |
| 28:44 | Build | Lumber Camp |
| 29:00 | Create | Spearman |
| 29:00 | Create | Spearman |
| 29:01 | Create | Spearman |
| 29:09 | Create | Spearman |
| 29:10 | Create | Spearman |
| 29:10 | Create | Spearman |
| 29:38 | Create | Villager (Male) |
| 29:39 | Create | Villager (Male) |
| 29:59 | Build | Town Center |
| 30:00 | Create | Villager (Male) |
| 30:01 | Create | Villager (Male) |
Build order — noob_hn
First 150 of 249 actions detected
| 0:02 | Create | Villager (Male) |
| 0:02 | Create | Villager (Male) |
| 0:05 | Build | House |
| 0:08 | Build | House |
| 0:15 | Create | Villager (Male) ×2 |
| 1:21 | Create | Villager (Male) |
| 1:50 | Create | Villager (Male) |
| 2:08 | Create | Villager (Male) |
| 2:08 | Create | Villager (Male) |
| 2:43 | Create | Villager (Male) ×2 |
| 2:43 | Create | Villager (Male) ×2 |
| 3:39 | Create | Villager (Male) ×2 |
| 3:39 | Create | Villager (Male) ×2 |
| 3:45 | Build | House |
| 3:47 | Build | House |
| 3:50 | Build | Lumber Camp |
| 3:58 | Create | Villager (Male) ×2 |
| 4:26 | Create | Villager (Male) |
| 4:26 | Create | Villager (Male) |
| 4:39 | Create | Villager (Male) |
| 4:51 | Create | Villager (Male) |
| 4:51 | Create | Villager (Male) |
| 5:17 | Create | Villager (Male) |
| 5:17 | Create | Villager (Male) |
| 5:26 | Create | Villager (Male) |
| 5:26 | Create | Villager (Male) |
| 5:45 | Build | Mill |
| 7:09 | Create | Villager (Male) ×2 |
| 7:28 | Build | House |
| 7:30 | Build | House |
| 7:32 | Build | House |
| 7:50 | Create | Villager (Male) |
| 7:55 | Build | Mill |
| 8:07 | Build | Lumber Camp |
| 8:12 | Create | Villager (Male) |
| 8:47 | Build | Mill |
| 8:52 | Create | Villager (Male) |
| 8:55 | Create | Villager (Male) |
| 9:15 | Research | Feudal Age |
| 9:19 | Create | Villager (Male) |
| 9:22 | Create | Villager (Male) |
| 10:29 | Build | Mining Camp |
| 10:50 | Create | Villager (Male) |
| 11:48 | Build | Lumber Camp |
| 11:48 | Age | Feudal Age |
| 11:52 | Research | Horse Collar |
| 11:55 | Research | Double-Bit Axe |
| 12:00 | Create | Villager (Male) |
| 12:26 | Build | Farm |
| 12:28 | Create | Villager (Male) ×5 |
| 12:29 | Create | Villager (Male) ×2 |
| 12:29 | Create | Villager (Male) ×2 |
| 13:38 | Build | Farm |
| 13:41 | Build | Farm |
| 13:44 | Build | Farm |
| 13:58 | Build | Farm |
| 14:10 | Build | Market |
| 14:17 | Build | Blacksmith |
| 14:22 | Build | Farm |
| 14:22 | Build | Farm |
| 14:22 | Build | Farm |
| 14:23 | Build | Farm |
| 14:30 | Build | Farm |
| 14:53 | Build | Farm |
| 15:12 | Create | Villager (Male) |
| 15:14 | Build | Farm |
| 15:33 | Research | Castle Age |
| 15:36 | Create | Villager (Male) |
| 16:21 | Build | Farm |
| 16:33 | Build | House |
| 16:35 | Build | House |
| 16:37 | Build | House |
| 16:39 | Build | House |
| 18:13 | Age | Castle Age |
| 18:19 | Build | Town Center |
| 18:23 | Create | Villager (Male) |
| 18:30 | Build | Town Center |
| 18:43 | Build | Town Center |
| 18:50 | Create | Villager (Male) |
| 19:11 | Research | Wheelbarrow |
| 19:14 | Research | Heavy Plow |
| 19:18 | Research | Bow Saw |
| 19:46 | Research | Loom |
| 19:59 | Create | Villager (Male) |
| 20:03 | Create | Villager (Male) |
| 20:07 | Create | Villager (Male) |
| 20:07 | Create | Villager (Male) |
| 20:20 | Build | Farm |
| 20:23 | Build | Farm |
| 20:23 | Build | Farm |
| 20:24 | Build | Farm |
| 20:29 | Create | Villager (Male) ×5 |
| 20:49 | Create | Villager (Male) ×5 |
| 20:57 | Build | Mining Camp |
| 21:11 | Create | Villager (Male) ×5 |
| 21:16 | Build | Mining Camp |
| 21:37 | Research | Gold Mining |
| 21:40 | Research | Stone Mining |
| 21:44 | Create | Villager (Male) ×5 |
| 21:55 | Build | Farm |
| 22:00 | Build | Farm |
| 22:05 | Build | Farm |
| 22:08 | Build | Farm |
| 22:15 | Create | Villager (Male) ×4 |
| 22:19 | Build | Mining Camp |
| 22:23 | Build | Monastery |
| 22:26 | Build | University |
| 22:38 | Research | Gold Shaft Mining |
| 22:39 | Research | Gold Shaft Mining |
| 22:46 | Build | Mining Camp |
| 22:54 | Create | Trade Cart ×5 |
| 22:57 | Create | Villager (Male) ×3 |
| 22:57 | Create | Villager (Male) ×3 |
| 23:16 | Create | Villager (Male) ×2 |
| 23:16 | Create | Villager (Male) ×2 |
| 23:19 | Create | Monk |
| 23:27 | Create | Villager (Male) ×2 |
| 23:27 | Create | Villager (Male) ×3 |
| 23:28 | Create | Villager (Male) |
| 23:40 | Create | Villager (Male) ×2 |
| 23:41 | Create | Villager (Male) ×2 |
| 23:49 | Build | House |
| 23:50 | Build | House |
| 23:50 | Build | House |
| 23:51 | Build | House |
| 23:51 | Build | House |
| 23:51 | Build | House |
| 23:52 | Build | House |
| 23:52 | Build | House |
| 23:52 | Build | House |
| 23:53 | Build | House |
| 23:53 | Build | House |
| 23:53 | Build | House |
| 23:54 | Build | House |
| 24:05 | Create | Villager (Male) ×4 |
| 24:10 | Build | Market |
| 24:17 | Build | Farm |
| 24:17 | Build | Farm |
| 24:17 | Build | Farm |
| 24:17 | Build | Farm |
| 24:35 | Build | Mill |
| 24:40 | Build | Mining Camp |
| 24:44 | Research | Hand Cart |
| 24:44 | Research | Town Watch |
| 24:58 | Create | Villager (Male) ×2 |
| 25:03 | Create | Villager (Male) |
| 25:03 | Create | Villager (Male) |
| 25:13 | Create | Villager (Male) |
| 25:20 | Build | Farm |
| 25:20 | Build | Farm |
Build order — AnonymouS
93 actions detected in the replay
| 0:05 | Build | House |
| 0:08 | Create | Villager (Male) ×4 |
| 0:08 | Create | Villager (Male) ×4 |
| 0:08 | Create | Villager (Male) ×4 |
| 1:03 | Build | Palisade Wall |
| 1:52 | Build | Palisade Wall |
| 2:02 | Create | Villager (Male) |
| 2:02 | Create | Villager (Male) |
| 2:43 | Create | Villager (Male) |
| 2:43 | Create | Villager (Male) |
| 2:43 | Create | Villager (Male) |
| 2:44 | Create | Villager (Male) |
| 2:46 | Research | Loom |
| 3:14 | Build | House |
| 3:36 | Create | Villager (Male) |
| 3:45 | Build | House |
| 4:01 | Create | Villager (Male) |
| 5:46 | Build | Palisade Wall |
| 5:52 | Create | Villager (Male) ×2 |
| 6:25 | Create | Villager (Male) ×3 |
| 7:05 | Build | Lumber Camp |
| 7:37 | Create | Villager (Male) ×3 |
| 7:39 | Create | Villager (Male) |
| 7:49 | Build | Mill |
| 8:32 | Build | House |
| 8:47 | Create | Villager (Male) ×2 |
| 9:43 | Create | Villager (Male) |
| 10:11 | Build | Mining Camp |
| 10:31 | Build | House |
| 11:26 | Research | Feudal Age |
| 11:41 | Build | Mill |
| 12:07 | Create | Villager (Male) |
| 12:07 | Create | Villager (Male) |
| 13:35 | Age | Feudal Age |
| 14:00 | Build | Blacksmith |
| 14:10 | Build | Market |
| 14:25 | Create | Villager (Male) |
| 15:39 | Build | Barracks |
| 15:45 | Create | Villager (Male) |
| 15:57 | Build | Farm |
| 16:00 | Build | Farm |
| 16:03 | Build | Farm |
| 16:12 | Create | Villager (Male) |
| 16:18 | Build | Farm |
| 16:21 | Create | Villager (Male) |
| 17:03 | Build | House |
| 17:11 | Build | Farm |
| 17:20 | Research | Castle Age |
| 17:49 | Research | Gold Mining |
| 18:15 | Research | Double-Bit Axe |
| 18:28 | Build | Farm |
| 18:30 | Build | Farm |
| 18:34 | Build | Farm |
| 18:36 | Build | Farm |
| 18:38 | Build | Farm |
| 18:47 | Build | Farm |
| 18:50 | Build | Farm |
| 18:57 | Create | Spearman |
| 18:57 | Create | Spearman |
| 18:58 | Create | Spearman |
| 18:58 | Create | Spearman |
| 21:27 | Build | Town Center |
| 24:04 | Create | Villager (Male) ×5 |
| 24:04 | Create | Villager (Male) ×5 |
| 24:04 | Create | Villager (Male) ×5 |
| 24:04 | Create | Villager (Male) ×5 |
| 24:19 | Build | Farm |
| 24:21 | Build | Farm |
| 24:23 | Build | Farm |
| 25:10 | Build | Stable |
| 26:21 | Build | Farm |
| 26:32 | Research | Bloodlines |
| 26:37 | Create | Villager (Male) |
| 27:18 | Build | House |
| 27:23 | Build | House |
| 27:25 | Build | House |
| 27:34 | Build | House |
| 28:27 | Create | Villager (Male) ×3 |
| 28:28 | Create | Villager (Male) ×3 |
| 28:49 | Build | Farm |
| 28:51 | Build | Farm |
| 28:53 | Build | Farm |
| 30:29 | Build | Mill |
| 30:38 | Build | Farm |
| 30:40 | Build | Farm |
| 30:42 | Build | Farm |
| 30:49 | Build | Farm |
| 30:54 | Build | Farm |
| 30:56 | Build | Farm |
| 30:59 | Build | Farm |
| 32:29 | Create | Villager (Male) |
| 32:29 | Create | Villager (Male) |
| 32:30 | Create | Villager (Male) |
Build order — Sillygirl
First 150 of 257 actions detected
| 0:04 | Build | House |
| 0:10 | Create | Villager (Male) |
| 0:10 | Create | Villager (Male) |
| 0:11 | Research | Loom |
| 0:11 | Research | Loom |
| 0:14 | Create | Villager (Male) |
| 0:15 | Create | Villager (Male) |
| 0:15 | Create | Villager (Male) |
| 0:15 | Create | Villager (Male) |
| 0:20 | Build | House |
| 1:31 | Build | Palisade Wall |
| 1:54 | Create | Villager (Male) |
| 1:54 | Create | Villager (Male) |
| 1:54 | Create | Villager (Male) |
| 2:33 | Create | Villager (Male) |
| 2:33 | Create | Villager (Male) |
| 2:33 | Create | Villager (Male) |
| 2:59 | Create | Villager (Male) |
| 2:59 | Create | Villager (Male) |
| 3:23 | Create | Villager (Male) |
| 3:35 | Build | House |
| 3:42 | Create | Villager (Male) |
| 3:42 | Create | Villager (Male) |
| 4:01 | Build | House |
| 4:09 | Build | Mule Cart |
| 4:14 | Create | Villager (Male) |
| 4:14 | Create | Villager (Male) |
| 4:57 | Build | Mill |
| 4:59 | Create | Villager (Male) |
| 5:00 | Create | Villager (Male) |
| 5:18 | Create | Villager (Male) |
| 5:18 | Create | Villager (Male) |
| 5:18 | Create | Villager (Male) |
| 5:42 | Create | Villager (Male) |
| 6:03 | Create | Villager (Male) |
| 6:03 | Create | Villager (Male) |
| 6:39 | Create | Villager (Male) |
| 6:39 | Create | Villager (Male) |
| 6:39 | Create | Villager (Male) |
| 7:05 | Create | Villager (Male) |
| 7:05 | Create | Villager (Male) |
| 7:06 | Create | Villager (Male) |
| 7:29 | Create | Villager (Male) |
| 7:30 | Create | Villager (Male) |
| 7:30 | Create | Villager (Male) |
| 7:54 | Create | Villager (Male) |
| 8:09 | Build | House |
| 8:14 | Build | House |
| 8:28 | Build | Mule Cart |
| 9:28 | Build | Mule Cart |
| 9:32 | Create | Villager (Male) |
| 9:33 | Create | Villager (Male) |
| 10:49 | Research | Feudal Age |
| 10:52 | Create | Villager (Male) |
| 10:52 | Create | Villager (Male) |
| 10:54 | Create | Villager (Male) |
| 11:30 | Build | Barracks |
| 12:43 | Create | Villager (Male) |
| 12:48 | Build | Barracks |
| 12:59 | Age | Feudal Age |
| 13:00 | Research | Double-Bit Axe |
| 13:04 | Research | Gold Mining |
| 13:07 | Research | Horse Collar |
| 13:34 | Create | Villager (Male) |
| 13:47 | Build | Stone Wall |
| 13:57 | Create | Villager (Male) |
| 13:57 | Create | Villager (Male) |
| 14:05 | Build | Mule Cart |
| 14:07 | Research | Man-at-Arms (upgrade) |
| 14:08 | Research | Arson |
| 14:47 | Build | Farm |
| 14:48 | Build | Farm |
| 14:50 | Build | Farm |
| 14:52 | Build | Farm |
| 14:57 | Build | Farm |
| 15:10 | Build | House |
| 15:14 | Build | House |
| 15:15 | Build | House |
| 15:16 | Build | House |
| 16:06 | Create | Militia |
| 16:06 | Create | Militia |
| 16:06 | Create | Militia |
| 16:07 | Create | Militia |
| 16:07 | Create | Militia |
| 16:07 | Create | Militia |
| 16:07 | Create | Militia |
| 16:08 | Create | Militia |
| 16:08 | Create | Militia |
| 16:08 | Create | Militia |
| 16:08 | Create | Militia |
| 16:08 | Create | Militia |
| 16:18 | Create | Villager (Male) |
| 16:18 | Create | Villager (Male) |
| 16:31 | Build | Blacksmith |
| 16:50 | Build | Mule Cart |
| 17:06 | Create | Villager (Male) |
| 17:07 | Create | Villager (Male) |
| 17:29 | Build | Farm |
| 17:31 | Build | Farm |
| 17:32 | Build | Farm |
| 17:34 | Build | Farm |
| 17:35 | Build | Farm |
| 17:37 | Build | Farm |
| 17:39 | Build | Farm |
| 17:41 | Build | Farm |
| 17:42 | Build | Farm |
| 17:47 | Build | Farm |
| 17:55 | Research | Long Swordsman (upgrade) |
| 18:01 | Research | Forging |
| 18:02 | Research | Scale Mail Armor |
| 18:23 | Create | Militia |
| 18:41 | Build | Farm |
| 18:46 | Build | Farm |
| 18:50 | Create | Villager (Male) |
| 18:50 | Create | Villager (Male) |
| 20:07 | Research | Town Watch |
| 20:10 | Create | Villager (Male) |
| 20:10 | Create | Villager (Male) |
| 20:13 | Research | Stone Mining |
| 21:09 | Create | Militia |
| 21:09 | Create | Militia |
| 21:09 | Create | Militia |
| 21:29 | Build | Barracks |
| 21:32 | Create | Villager (Male) |
| 21:32 | Create | Villager (Male) |
| 21:32 | Create | Villager (Male) |
| 21:32 | Create | Villager (Male) |
| 21:33 | Create | Villager (Male) |
| 21:33 | Create | Villager (Male) |
| 21:39 | Build | Mill |
| 21:42 | Build | Farm |
| 21:43 | Build | Farm |
| 21:44 | Build | Farm |
| 21:45 | Build | Farm |
| 21:46 | Build | Farm |
| 21:47 | Build | Farm |
| 21:49 | Build | Farm |
| 21:52 | Build | Farm |
| 22:13 | Build | Barracks |
| 22:29 | Build | House |
| 22:30 | Build | House |
| 22:31 | Build | House |
| 22:33 | Build | House |
| 24:28 | Build | Archery Range |
| 24:30 | Research | Pikeman (upgrade) |
| 24:37 | Create | Villager (Male) |
| 25:17 | Create | Militia |
| 25:17 | Create | Militia |
| 25:17 | Create | Militia |
| 25:17 | Create | Militia |
Build order — Deadshot
First 150 of 200 actions detected
| 0:02 | Create | Villager (Male) ×5 |
| 0:04 | Build | House |
| 0:05 | Build | House |
| 1:20 | Create | Villager (Male) |
| 1:21 | Create | Villager (Male) |
| 1:55 | Build | Lumber Camp |
| 2:43 | Create | Villager (Male) ×2 |
| 3:10 | Create | Villager (Male) ×2 |
| 3:57 | Create | Villager (Male) |
| 4:05 | Build | Mill |
| 4:32 | Build | House |
| 4:37 | Create | Villager (Male) |
| 4:38 | Create | Villager (Male) |
| 4:38 | Create | Villager (Male) |
| 4:56 | Create | Villager (Male) |
| 5:06 | Build | House |
| 5:52 | Create | Villager (Male) ×4 |
| 5:57 | Build | House |
| 6:15 | Create | Villager (Male) |
| 7:41 | Create | Villager (Male) |
| 7:54 | Create | Villager (Male) |
| 8:43 | Build | Mining Camp |
| 8:55 | Research | Feudal Age |
| 9:30 | Create | Villager (Male) |
| 9:30 | Create | Villager (Male) |
| 11:02 | Age | Feudal Age |
| 11:05 | Create | Villager (Male) |
| 11:11 | Build | Market |
| 11:55 | Build | Blacksmith |
| 12:07 | Create | Villager (Male) |
| 13:09 | Research | Castle Age |
| 13:25 | Research | Horse Collar |
| 13:54 | Research | Double-Bit Axe |
| 14:29 | Build | Farm |
| 14:30 | Build | Farm |
| 14:35 | Build | Farm |
| 14:40 | Build | Farm |
| 15:34 | Age | Castle Age |
| 15:37 | Build | Town Center |
| 15:39 | Build | House |
| 15:41 | Create | Villager (Male) |
| 15:57 | Research | Heavy Plow |
| 15:58 | Research | Bow Saw |
| 16:04 | Build | Town Center |
| 16:16 | Create | Villager (Male) |
| 16:25 | Create | Villager (Male) |
| 16:42 | Build | Town Center |
| 16:49 | Create | Villager (Male) |
| 16:56 | Build | Farm |
| 16:57 | Create | Villager (Male) |
| 17:01 | Build | Farm |
| 17:03 | Create | Villager (Male) |
| 17:09 | Build | Farm |
| 17:22 | Create | Villager (Male) |
| 17:25 | Build | Farm |
| 17:27 | Build | Farm |
| 17:30 | Create | Villager (Male) |
| 17:33 | Build | Farm |
| 17:47 | Create | Villager (Male) |
| 17:47 | Create | Villager (Male) |
| 17:48 | Create | Villager (Male) |
| 17:57 | Create | Villager (Male) |
| 18:02 | Build | Farm |
| 18:05 | Build | Farm |
| 18:09 | Build | Farm |
| 18:14 | Build | Farm |
| 18:17 | Build | Farm |
| 18:26 | Create | Villager (Male) ×2 |
| 18:32 | Build | Farm |
| 18:33 | Build | Farm |
| 18:35 | Build | Farm |
| 18:41 | Create | Villager (Male) |
| 19:02 | Build | Farm |
| 19:04 | Build | Farm |
| 19:06 | Build | Farm |
| 19:07 | Build | Farm |
| 19:10 | Build | Farm |
| 19:10 | Create | Villager (Male) ×3 |
| 19:43 | Build | Barracks |
| 19:59 | Create | Villager (Male) ×5 |
| 20:01 | Create | Villager (Male) |
| 20:05 | Build | Farm |
| 20:07 | Build | Farm |
| 20:08 | Build | Farm |
| 20:09 | Build | Farm |
| 20:14 | Create | Villager (Male) ×2 |
| 20:19 | Build | Farm |
| 20:30 | Build | House |
| 20:31 | Build | House |
| 20:32 | Build | House |
| 20:34 | Build | Stable |
| 21:07 | Build | Stable |
| 21:27 | Create | Villager (Male) ×5 |
| 21:31 | Create | Knight |
| 21:31 | Create | Knight |
| 21:35 | Build | House |
| 21:36 | Build | House |
| 21:38 | Build | House |
| 21:39 | Build | House |
| 21:45 | Research | Scale Barding Armor |
| 22:04 | Create | Villager (Male) ×5 |
| 22:20 | Create | Knight |
| 22:20 | Create | Knight |
| 23:07 | Create | Villager (Male) ×5 |
| 23:18 | Create | Villager (Male) ×5 |
| 24:06 | Create | Villager (Male) ×5 |
| 24:28 | Create | Villager (Male) ×5 |
| 24:34 | Build | House |
| 24:35 | Build | House |
| 24:48 | Create | Villager (Male) ×2 |
| 24:57 | Create | Villager (Male) ×2 |
| 25:04 | Build | Mill |
| 25:05 | Build | Farm |
| 25:06 | Build | Farm |
| 25:07 | Build | Farm |
| 25:09 | Build | Farm |
| 25:10 | Build | Farm |
| 25:12 | Build | Farm |
| 25:12 | Build | Farm |
| 25:14 | Build | Farm |
| 25:17 | Create | Villager (Male) ×3 |
| 25:25 | Build | Outpost |
| 25:30 | Create | Villager (Male) |
| 25:40 | Create | Knight |
| 25:40 | Create | Knight |
| 25:53 | Build | Farm |
| 25:57 | Build | House |
| 25:58 | Build | House |
| 26:02 | Build | Farm |
| 26:04 | Create | Villager (Male) ×5 |
| 26:09 | Create | Knight |
| 26:09 | Create | Knight |
| 26:50 | Create | Villager (Male) ×5 |
| 26:52 | Create | Villager (Male) ×2 |
| 27:03 | Build | Outpost |
| 27:06 | Create | Villager (Male) ×4 |
| 27:15 | Build | Mill |
| 27:16 | Build | Farm |
| 27:17 | Build | Farm |
| 27:18 | Build | Farm |
| 27:19 | Build | Farm |
| 27:20 | Build | Farm |
| 27:21 | Build | Farm |
| 27:23 | Build | Farm |
| 27:25 | Build | Farm |
| 27:28 | Build | Farm |
| 27:31 | Build | Farm |
| 27:33 | Build | Farm |
| 27:36 | Create | Villager (Male) ×5 |
| 27:43 | Build | Stable |
Build order — John Srnec
First 150 of 206 actions detected
| 0:01 | Create | Villager (Male) |
| 0:01 | Create | Villager (Male) |
| 0:02 | Create | Villager (Male) |
| 0:02 | Create | Villager (Male) |
| 0:13 | Build | House |
| 0:13 | Build | House |
| 1:04 | Build | Lumber Camp |
| 1:38 | Build | Palisade Wall |
| 1:42 | Research | Loom |
| 2:17 | Create | Villager (Male) |
| 3:16 | Create | Villager (Male) |
| 3:17 | Create | Villager (Male) |
| 3:43 | Build | Palisade Wall |
| 3:49 | Create | Villager (Male) |
| 3:49 | Create | Villager (Male) |
| 4:26 | Create | Villager (Male) |
| 4:45 | Create | Villager (Male) |
| 5:12 | Build | House |
| 5:25 | Create | Villager (Male) |
| 5:26 | Create | Villager (Male) |
| 5:54 | Create | Villager (Male) |
| 6:43 | Create | Villager (Male) |
| 6:43 | Create | Villager (Male) |
| 6:44 | Create | Villager (Male) |
| 6:44 | Create | Villager (Male) |
| 6:55 | Build | House |
| 7:22 | Create | Villager (Male) |
| 7:28 | Build | House |
| 8:09 | Build | Mill |
| 8:38 | Create | Villager (Male) |
| 8:39 | Create | Villager (Male) |
| 9:03 | Research | Feudal Age |
| 10:35 | Create | Villager (Male) |
| 10:35 | Create | Villager (Male) |
| 10:36 | Create | Villager (Male) |
| 10:36 | Create | Villager (Male) |
| 10:36 | Create | Villager (Male) |
| 11:04 | Build | Barracks |
| 11:13 | Age | Feudal Age |
| 11:24 | Build | Farm |
| 11:25 | Build | Farm |
| 11:27 | Build | Farm |
| 11:30 | Build | Farm |
| 11:51 | Research | Double-Bit Axe |
| 12:31 | Create | Villager (Male) |
| 12:32 | Create | Villager (Male) |
| 13:24 | Build | House |
| 13:25 | Build | House |
| 13:27 | Build | House |
| 13:28 | Build | House |
| 13:31 | Build | House |
| 13:42 | Build | Mining Camp |
| 13:47 | Create | Villager (Male) |
| 13:59 | Build | Farm |
| 14:01 | Build | Farm |
| 14:03 | Build | Farm |
| 14:04 | Build | Farm |
| 14:05 | Build | Farm |
| 14:25 | Create | Villager (Male) |
| 14:25 | Create | Villager (Male) |
| 14:32 | Research | Horse Collar |
| 14:59 | Create | Villager (Male) |
| 15:16 | Research | Gold Mining |
| 15:25 | Create | Villager (Male) |
| 15:56 | Build | Archery Range |
| 16:03 | Build | Blacksmith |
| 16:18 | Create | Villager (Male) |
| 16:18 | Create | Villager (Male) |
| 16:19 | Create | Villager (Male) |
| 17:07 | Create | Villager (Male) |
| 17:16 | Build | Farm |
| 17:19 | Build | Farm |
| 17:22 | Build | Farm |
| 17:24 | Build | Farm |
| 17:30 | Build | Farm |
| 17:32 | Build | Farm |
| 17:35 | Build | Farm |
| 17:41 | Create | Villager (Male) |
| 17:57 | Research | Castle Age |
| 18:26 | Research | Fletching |
| 18:26 | Research | Padded Archer Armor |
| 18:59 | Build | Lumber Camp |
| 19:09 | Create | Villager (Male) |
| 19:09 | Create | Villager (Male) |
| 19:33 | Build | Mining Camp |
| 19:44 | Research | Stone Mining |
| 20:46 | Age | Castle Age |
| 20:52 | Build | Town Center |
| 20:59 | Research | Stone Shaft Mining |
| 21:02 | Create | Villager (Male) |
| 21:02 | Create | Villager (Male) |
| 21:02 | Create | Villager (Male) |
| 21:11 | Research | Bodkin Arrow |
| 21:53 | Create | Villager (Male) ×5 |
| 22:16 | Build | Siege Workshop |
| 22:20 | Create | Villager (Male) |
| 22:21 | Create | Villager (Male) |
| 22:21 | Create | Villager (Male) |
| 22:55 | Create | Villager (Male) |
| 22:55 | Create | Villager (Male) |
| 22:59 | Create | Villager (Male) |
| 22:59 | Create | Villager (Male) |
| 23:27 | Build | Castle |
| 23:42 | Build | University |
| 23:49 | Create | Villager (Male) |
| 23:49 | Create | Villager (Male) |
| 23:52 | Create | Villager (Male) |
| 23:52 | Create | Villager (Male) |
| 24:08 | Build | Lumber Camp |
| 24:27 | Research | Ballistics |
| 24:52 | Build | Lumber Camp |
| 25:21 | Create | Villager (Male) |
| 25:22 | Create | Villager (Male) |
| 25:22 | Create | Villager (Male) |
| 25:22 | Create | Villager (Male) |
| 25:31 | Create | Villager (Male) |
| 25:31 | Create | Villager (Male) |
| 25:32 | Create | Villager (Male) |
| 25:32 | Create | Villager (Male) |
| 25:47 | Build | Lumber Camp |
| 26:03 | Research | Forging |
| 26:14 | Build | Stable |
| 26:17 | Build | Stable |
| 26:40 | Create | Villager (Male) |
| 26:40 | Create | Villager (Male) |
| 26:40 | Create | Villager (Male) |
| 26:41 | Create | Villager (Male) |
| 26:44 | Create | Villager (Male) |
| 26:44 | Create | Villager (Male) |
| 26:55 | Build | Farm |
| 26:57 | Build | Farm |
| 26:58 | Build | Farm |
| 26:59 | Build | Farm |
| 27:00 | Build | Farm |
| 27:02 | Build | Farm |
| 27:03 | Build | Farm |
| 27:06 | Build | Farm |
| 27:08 | Build | Farm |
| 27:09 | Build | Farm |
| 27:11 | Build | Farm |
| 27:14 | Build | Farm |
| 27:22 | Create | Villager (Male) |
| 27:23 | Create | Villager (Male) |
| 27:31 | Build | Mill |
| 27:40 | Build | Mill |
| 27:53 | Build | Stable |
| 27:56 | Build | Stable |
| 28:07 | Research | Bloodlines |
| 28:07 | Research | Husbandry |
| 28:26 | Build | Market |
Match timeline
| 0:21 | Wardaddy · wall_segment Palisade Wall x8 |
| 1:03 | AnonymouS · wall_segment Palisade Wall x10 |
| 1:31 | Sillygirl · wall_segment Palisade Wall x12 |
| 1:38 | John Srnec · wall_segment Palisade Wall x9 |
| 1:52 | AnonymouS · wall_segment Palisade Wall x12 |
| 3:01 | A P · wall_segment Palisade Wall x8 |
| 3:43 | John Srnec · wall_segment Palisade Wall x8 |
| 5:46 | AnonymouS · wall_segment Palisade Wall x9 |
| 9:13 | GERALD3748 · first_building Barracks |
| 10:39 | Wardaddy · first_building Barracks |
| 11:02 | Deadshot · age_up feudal |
| 11:04 | John Srnec · first_building Barracks |
| 11:13 | John Srnec · age_up feudal |
| 11:30 | Sillygirl · first_building Barracks |
| 11:48 | noob_hn · age_up feudal |
| 12:14 | GERALD3748 · first_building Archery Range |
| 12:59 | Sillygirl · age_up feudal |
| 13:35 | AnonymouS · age_up feudal |
| 13:47 | Sillygirl · wall_segment Stone Wall x17 |
| 14:09 | Wardaddy · age_up feudal |
| 14:30 | Wardaddy · first_building Siege Workshop |
| 14:53 | Wardaddy · first_building Stable |
| 15:03 | A P · age_up feudal |
| 15:04 | Wardaddy · first_building Archery Range |
| 15:18 | A P · wall_segment Stone Wall x8 |
| 15:34 | Deadshot · age_up castle |
| 15:39 | AnonymouS · first_building Barracks |
| 15:56 | John Srnec · first_building Archery Range |
| 16:14 | Deadshot · first_market_buy 100 stone |
| 17:05 | A P · first_building Barracks |
| 17:09 | noob_hn · first_market_buy 100 stone |
| 18:13 | noob_hn · age_up castle |
| 18:53 | A P · first_building Archery Range |
| 19:43 | Deadshot · first_building Barracks |
| 20:34 | Deadshot · first_building Stable |
| 20:46 | John Srnec · age_up castle |
| 22:16 | John Srnec · first_building Siege Workshop |
| 22:23 | noob_hn · first_building Monastery |
| 23:07 | GERALD3748 · wall_segment Stone Wall x2 |
| 23:20 | GERALD3748 · wall_segment Stone Wall x3 |
| 23:27 | John Srnec · first_building Castle |
| 24:17 | A P · age_up castle |
| 24:28 | Sillygirl · first_building Archery Range |
| 24:35 | Wardaddy · first_market_buy 100 food |
| 24:47 | Wardaddy · first_market_sell 100 wood |
| 25:10 | AnonymouS · first_building Stable |
| 26:12 | noob_hn · first_building Castle |
| 26:14 | John Srnec · first_building Stable |
| 26:31 | A P · first_building Castle |
| 27:28 | Wardaddy · age_up castle |
| 28:02 | Sillygirl · age_up castle |
| 28:39 | noob_hn · first_building Barracks |
| 28:56 | John Srnec · first_market_buy 500 food |
| 29:15 | Sillygirl · first_building Monastery |
| 29:38 | noob_hn · first_building Archery Range |
| 29:44 | GERALD3748 · first_building Castle |
| 29:58 | Deadshot · first_building Monastery |
| 30:20 | Sillygirl · first_market_sell 100 food |
| 31:19 | Deadshot · first_market_sell 100 wood |
| 31:30 | Deadshot · first_building Castle |
| 31:50 | noob_hn · age_up imperial |
| 32:43 | John Srnec · tribute_sent a jugador 1 |
| 32:43 | John Srnec · tribute_sent a jugador 2 |
| 32:43 | John Srnec · tribute_sent a jugador 3 |
| 32:43 | John Srnec · tribute_sent a jugador 4 |
| 32:43 | John Srnec · tribute_sent a jugador 5 |
| 32:43 | John Srnec · tribute_sent a jugador 6 |
| 32:43 | John Srnec · tribute_sent a jugador 7 |
| 33:15 | GERALD3748 · first_building Stable |
| 33:21 | A P · first_building Monastery |
| 33:43 | Deadshot · age_up imperial |
| 33:55 | Deadshot · resign |
| 35:22 | John Srnec · first_market_sell 500 wood |
| 37:18 | Sillygirl · first_building Castle |
[ AI ANALYSIS · 1 CREDIT ]
What really happened in this match?
Wolo.gg analyzes every decision: build order, eco, micro, common mistakes by bracket. Personalized analysis on WhatsApp or Discord in 30 seconds.
Civ guide
Celts
Map guide
Black Forest
Perfil
A P